 Dungeon Crawl Stone Soup version 0.21-a0-140-g479285b (webtiles) character file.

9821 Banto the Covert (level 11, 0/72 HPs)
             Began as a Demonspawn Skald on July 19, 2017.
             Was a Priest of Sif Muna.
             Slain by Erolcha
             ... wielding a +0 giant club
              (22 damage)
             ... on level 10 of the Dungeon on July 21, 2017.
             The game lasted 00:17:50 (9142 turns).

Banto the Covert (Demonspawn Skald)                 Turns: 9142, Time: 00:17:50

Health: 0/72       AC: 14    Str: 14    XL:     11   Next: 28%
Magic:  1/14       EV: 19    Int: 17    God:    Sif Muna [***...]
Gold:   368        SH:  0    Dex: 14    Spells: 3/14 levels left

rFire    . . .     SeeInvis +   l - +3 dagger (elec)
rCold    . . .     Gourm    +   (no shield)
rNeg     . . .     Faith    .   b - +0 leather armour
rPois    .         Spirit   .   P - +0 helmet of Beogh's Displeasure {Regen+ Str+3} (curse)
rElec    +         Reflect  .   F - +2 cloak {+Inv}
rCorr    .         Harm     .   a - +0 pair of gloves
MR       .....                  (no boots)
Stlth    ++++......             f - amulet of the gourmand
HPRegen  0.62/turn              H - +3 ring of evasion
MPRegen  0.14/turn              p - +3 ring of protection

@: slowed, very slow
A: claws 2, molten scales 2, see invisible, electricity resistance, spiny 2,
subdued magic 1
a: Divine Energy, Channel Magic, Renounce Religion, Evoke Invisibility


You were on level 10 of the Dungeon.
You worshipped Sif Muna.
Sif Muna was most pleased with you.
You were completely stuffed.

You visited 2 branches of the dungeon, and saw 11 of its levels.
You also visited: Ossuary.

You collected 705 gold pieces.
You spent 337 gold pieces at shops.

Inventory:

Hand Weapons
 l - a +3 dagger of electrocution (weapon)
Armour
 a - a +0 pair of gloves (worn)
 b - a +0 leather armour (worn)
 F - a +2 cloak of invisibility (worn)
 P - the cursed +0 helmet of Beogh's Displeasure (worn) {Regen+ Str+3}
   (You bought it in a shop on level 10 of the Dungeon)

   It affects your strength (+3).
   It increases your rate of regeneration.
   It has a curse placed upon it.
Jewellery
 f - an amulet of the gourmand (around neck)
 p - a +3 ring of protection (right hand)
 y - an uncursed ring of protection from cold
 H - a +3 ring of evasion (left hand)
Wands
 h - a wand of disintegration (7/24)
 s - a wand of flame (28/48)
 K - a wand of flame (27/48)
 N - a wand of digging (20/24)
 O - a wand of iceblast (7/15)
 Q - a wand of paralysis (7/24)
Scrolls
 c - 2 scrolls of enchant weapon
 i - 4 scrolls of remove curse
 m - 4 scrolls of amnesia
 q - 5 scrolls of enchant armour
 r - 8 scrolls of teleportation
 z - a scroll of magic mapping
 C - a scroll of fear
 I - a scroll of fog
 J - 4 scrolls of identify
 L - a scroll of blinking
Potions
 e - 7 potions of curing
 k - 4 potions of resistance
 n - 7 potions of might
 t - a potion of lignification
 u - 2 potions of brilliance
 v - a potion of haste
 w - a potion of berserk rage {unknown}
 x - 2 potions of heal wounds
 A - a potion of flight {unknown}
 B - a potion of agility {unknown}
 E - 4 potions of magic {unknown}
 G - a potion of cancellation {unknown}
 R - a potion of mutation
Books
 D - a book of Maledictions

   Spells                             Type                      Level
   a - Corona                         Hexes                        1
   b - Ensorcelled Hibernation        Hexes/Ice                    2
   c - Confuse                        Hexes                        3
   d - Tukima's Dance                 Hexes                        3
   e - Dazzling Spray                 Conjuration/Hexes            3
Comestibles
 d - 7 bread rations
 g - 10 meat rations
 j - 14 fruits
 o - 13 royal jellies


   Skills:
 - Level 2.0 Fighting
 - Level 8.0 Short Blades
 - Level 0.8 Armour
 + Level 7.8 Dodging
 - Level 9.0 Stealth
 - Level 2.0 Spellcasting
 - Level 7.0 Hexes
 - Level 4.0 Charms
 - Level 6.0 Necromancy
 + Level 1.9 Evocations


You had 3 spell levels left.
You knew the following spells:

 Your Spells              Type           Power        Failure   Level  Hunger
a - Infusion              Chrm           ##..         3%          1    #......
b - Song of Slaying       Chrm           ##......     5%          2    ###....
c - Regeneration          Chrm/Necr      ##........   7%          3    ###....
d - Ensorcelled Hibernat  Hex/Ice        ##....       7%          2    ###....
e - Confuse               Hex            ###.....     3%          3    ###....


Dungeon Overview and Level Annotations

Branches:
Dungeon (10/15)            Temple (1/1) D:6            Lair (0/6) D:9
    Orc (0/2) D:10

Altars:
Ashenzari
Dithmenos
Elyvilon
Gozag
Hepliaklqana
Kikubaaqudgha
Makhleb
Nemelex Xobeh
Okawaru
Qazlal
Ru
Sif Muna
Trog
Uskayaw
Vehumet
Wu Jian
Yredelemnul
The Shining One

Shops:
D:6 ?   D:10 [

Annotations:
D:10 Erolcha


Innate Abilities, Weirdness & Mutations

You have very sharp fingernails.
You are mostly covered in molten scales. (AC +3)
You are mostly covered in sharp spines.
You have supernaturally acute eyesight. (SInv)
You are resistant to electric shocks. (rElec)
Your spells are a little easier to cast, but a little less powerful.


Message History

Erolcha is heavily wounded.
Erolcha gestures at you while chanting. The bolt of cold misses you.
You barely miss Erolcha.
Erolcha is heavily wounded.
Erolcha casts a spell at you. You resist with some effort. Erolcha misses you.
You hit Erolcha.
Erolcha is heavily wounded.
Erolcha hits you with a giant club!
* * * LOW HITPOINT WARNING * * *
You take 10 damage, and have 21/72 hp.
You hit Erolcha. Lightning courses through Erolcha!
Erolcha is almost dead.
Erolcha points at you and mumbles some strange words.
The crystal spear misses you.
You hit Erolcha.
Erolcha is almost dead.
Erolcha is struck by your spines. Erolcha hits you with a giant club!!
You die...

########## #####
###.........#
....####.+.....O...#
....#...>#.........#
....#.####.........#
....#.# .........#
....'.# .........#
....### ###O# ##'##
##@.# #.## #..##
#.<## ###.## ##รท.##
#...# ##..#
####.#####
#####+####........#
........##........#
........##........#
........##........#


You could see Erolcha.

Vanquished Creatures
  3 two-headed ogres
  Maurice (D:8)
  A centaur skeleton (D:10)
  A hornet (D:10)
  Sigmund (D:3)
  2 wyverns
  Grum (D:8)
  A hungry ghost (D:8)
  2 steam dragons
  A warg (D:10)
  Edmund (D:6)
  The ghost of afd the Conjurer, an amateur OpCj (D:3)
  2 hell hounds (D:9)
  2 soldier ants (D:10)
  4 orc warriors
  3 ice beasts
  A necrophage (D:7)
  A black bear (D:7)
  5 ogres
  2 phantoms (D:7)
  2 sky beasts
  3 wolves (D:8)
  4 centaurs
  2 big kobolds (D:7)
  4 bullfrogs
  A gnoll sergeant (D:7)
  8 water moccasin zombies (Ossuary)
  A scorpion (D:5)
  4 wights (D:6)
  4 howler monkeys
  8 crimson imps
  3 centaur zombies
  2 quasits (D:9)
  A bullfrog skeleton (D:4)
  9 hounds
  8 orc wizards
  2 gnoll shamans (D:7)
  3 orc priests (D:7)
  A jelly (D:10)
  2 iguanas
  6 worker ants
  2 big kobold zombies (Ossuary)
  A hound zombie (D:6)
  2 mummies (Ossuary)
  2 hound skeletons
  13 adders
  12 gnolls
  3 shadow imps
  3 oozes
  3 adder zombies
  2 adder skeletons
  3 worms
  7 dart slugs
  3 leopard geckos
  32 orcs
  8 giant cockroaches
  7 goblins
  15 hobgoblins
  17 jackals
  16 kobolds
  2 ball pythons (D:1)
  6 bats
  6 frilled lizards
  A gnoll zombie (Ossuary)
  7 hobgoblin zombies (Ossuary)
  A jackal zombie (D:5)
  4 kobold zombies (Ossuary)
  6 orc zombies (Ossuary)
  A quokka skeleton (D:9)
  6 rats
305 creatures vanquished.

Notes
Turn   | Place    | Note
-------+----------+-------------------------------------------
     0 | D:1      | Banto the Demonspawn Skald began the quest for the Orb.
     0 | D:1      | Reached XP level 1. HP: 16/16 MP: 3/3
   119 | D:1      | Gained mutation: You have sharp fingernails. [demonic ancestry]
   119 | D:1      | Reached XP level 2. HP: 11/22 MP: 5/5
   637 | D:1      | Reached XP level 3. HP: 24/27 MP: 6/6
  1051 | D:2      | Learned a level 2 spell: Song of Slaying
  1055 | D:2      | Learned a level 3 spell: Regeneration
  1174 | D:2      | Reached XP level 4. HP: 15/33 MP: 7/7
  1439 | D:2      | Found a sparkling altar of Nemelex Xobeh.
  1456 | D:2      | Found a shattered altar of Ashenzari.
  1458 | D:2      | Found a bloodstained altar of Trog.
  1459 | D:2      | Found a deep blue altar of Sif Muna.
  1683 | D:3      | Reached skill level 1 in Stealth
  1704 | D:3      | Noticed afd's ghost (amateur OpCj)
  1717 | D:3      | Killed afd's ghost
  1717 | D:3      | Reached skill level 2 in Stealth
  1717 | D:3      | Reached XP level 5. HP: 11/38 MP: 3/8
  1923 | D:3      | Noticed Sigmund
  1944 | D:3      | Killed Sigmund
  1944 | D:3      | Reached skill level 3 in Stealth
  1944 | D:3      | Reached XP level 6. HP: 29/44 MP: 2/9
  2070 | D:3      | Found a burning altar of Makhleb.
  2183 | D:3      | Found a shadowy altar of Dithmenos.
  2488 | D:3      | Found a hazy altar of Hepliaklqana.
  2488 | D:3      | Found an iron altar of Okawaru.
  2496 | D:3      | Found a sacrificial altar of Ru.
  2496 | D:3      | Found a hide-covered altar of Uskayaw.
  2635 | D:2      | Became a worshipper of Sif Muna the Loreminder
  2682 | D:4      | Reached skill level 4 in Stealth
  2682 | D:4      | Gained mutation: You are partially covered in sharp spines. [demonic ancestry]
  2682 | D:4      | Reached XP level 7. HP: 50/50 MP: 7/10
  2687 | D:4      | Reached skill level 5 in Short Blades
  3062 | D:4      | Gained mutation: Your spells are a little easier to cast, but a little less powerful. [potion of mutation]
  3062 | D:4      | Gained mutation: You are resistant to electric shocks. (rElec) [potion of mutation]
  3062 | D:4      | Gained mutation: You have supernaturally acute eyesight. (SInv) [potion of mutation]
  3283 | D:5      | Entered Level 5 of the Dungeon
  3288 | D:5      | Reached skill level 5 in Stealth
  3588 | D:5      | Gained mutation: You are mostly covered in sharp spines. [demonic ancestry]
  3588 | D:5      | Reached XP level 8. HP: 56/56 MP: 11/11
  3614 | D:5      | Reached skill level 6 in Stealth
  3783 | D:6      | Found Yhunosejel's Magic Scroll Boutique.
  3796 | D:6      | Bought a scroll of identify for 24 gold pieces
  3847 | D:6      | Found a bloodstained altar of Trog.
  3956 | D:6      | Found a sand-covered staircase.
  3962 | Ossuary  | Entered an ossuary
  3992 | Ossuary  | Reached skill level 7 in Stealth
  4276 | Ossuary  | Gained mutation: You have very sharp fingernails. [demonic ancestry]
  4276 | Ossuary  | Reached XP level 9. HP: 52/61 MP: 12/12
  4491 | D:6      | Noticed Edmund
  4494 | D:6      | Killed Edmund
  4498 | D:6      | Reached * piety under Sif Muna
  4498 | D:6      | Reached skill level 8 in Stealth
  4562 | D:6      | Found a staircase to the Ecumenical Temple.
  4571 | Temple   | Entered the Ecumenical Temple
  4733 | D:6      | Reached skill level 1 in Necromancy
  4943 | D:7      | Found an opulent altar of Gozag.
  5313 | D:7      | Reached skill level 9 in Stealth
  5370 | D:7      | Reached ** piety under Sif Muna
  5522 | D:7      | Reached skill level 5 in Necromancy
  5843 | D:8      | Learned a level 2 spell: Ensorcelled Hibernation
  5847 | D:8      | Learned a level 3 spell: Confuse
  5968 | D:8      | Found an ancient bone altar of Kikubaaqudgha.
  5972 | D:8      | Noticed Grum
  5985 | D:8      | Killed Grum
  5985 | D:8      | Gained mutation: You are partially covered in molten scales. (AC +2) [demonic ancestry]
  5985 | D:8      | Reached XP level 10. HP: 67/67 MP: 10/13
  6080 | D:8      | Reached skill level 1 in Hexes
  6134 | D:8      | Noticed Maurice
  6140 | D:8      | Killed Maurice
  6423 | D:8      | Got a jewelled chain mail
  6646 | D:8      | Reached skill level 5 in Dodging
  6658 | D:8      | Found a deep blue altar of Sif Muna.
  7027 | D:7      | Reached *** piety under Sif Muna
  7420 | D:9      | Found a staircase to the Lair.
  7570 | D:9      | Reached skill level 5 in Hexes
  7613 | D:9      | Noticed a two-headed ogre
  7626 | D:9      | Killed a two-headed ogre
  8070 | D:10     | Entered Level 10 of the Dungeon
  8233 | D:10     | Noticed a two-headed ogre
  8239 | D:10     | Killed a two-headed ogre
  8239 | D:10     | Gained mutation: You are mostly covered in molten scales. (AC +3) [demonic ancestry]
  8239 | D:10     | Reached XP level 11. HP: 67/72 MP: 14/14
  8344 | D:10     | Noticed a two-headed ogre
  8345 | D:10     | Found a staircase to the Orcish Mines.
  8361 | D:9      | Upgraded the game from 0.21-a0-137-g951aa02 to 0.21-a0-140-g479285b
  8393 | D:10     | Noticed Erolcha
  8422 | D:10     | Found Unac's Antique Armour Shoppe.
  8425 | D:10     | Bought an ichor-stained helmet for 313 gold pieces
  8430 | D:10     | Identified the cursed +0 helmet of Beogh's Displeasure {Regen+ Str+3} (You bought it in a shop on level 10 of the Dungeon)
  8680 | D:10     | Killed a two-headed ogre
  8899 | D:10     | Reached skill level 1 in Evocations
  9142 | D:10     | Slain by Erolcha

Vault maps used:
D:1:      matt_arrival_spirals
D:2:      nicolae_overflow_hidden_temple, nemelex_xobeh_ov_fountains_minmay,
          first_bread, minmay_tripent
D:3:      grunt_temple_overflow_open, makhleb_heckhound_becter, uniq_sigmund
D:4:      hangedman_decor_diamond_cutter, minmay_misc_feat_chi
D:6:      minmay_temple_entry_grid, nicolae_ossuary_entry_plus, serial_shops,
          shop_scrolls, grunt_decor_fettered, st_stairs_3,
          trog_three_pillars_becter, uniq_edmund
D:7:      kennysheep_housing_project, old_standard_altar
D:8:      overflow_temple_1_default, basic_altar, minmay_misc_feat_iff,
          uniq_grum, uniq_maurice
D:9:      minmay_lair_entry_lava
D:10:     david_orc_3, serial_shops, nicolae_shop_trees,
          hangedman_pestilent_swarm, dk_noncrumbling_3, uniq_erolcha
Temple:   eino_temple_lava
Ossuary:  ossuary_tomb_2

Skill      XL: |  1  2  3  4  5  6  7  8  9 10 11 |
---------------+----------------------------------+-----
Short Blades   | 2 3 4 6 7 8 |  8.0
Charms         | 3 4 |  4.0
Stealth        | 2 3 4 5 7 9 |  9.0
Necromancy     | 5 6 |  6.0
Dodging        | 3 7 |  7.8
Hexes          | 6 7 |  7.0
Evocations     | 1 |  1.9
Fighting       | |  2.0
Armour         | |  0.8
Spellcasting   | |  2.0

Action                   |  1- 3 |  4- 6 |  7- 9 | 10-12 || total
-------------------------+-------+-------+-------+-------++-------
Melee: Mace              |     9 |       |       |       ||     9
       Short sword       |    36 |       |       |       ||    36
       Dagger            |    45 |   131 |   318 |   263 ||   757
 Cast: Infusion          |     4 |     5 |     3 |     1 ||    13
       Song of Slaying   |       |     1 |     2 |       ||     3
       Ensorcelled Hiber |       |       |     1 |     7 ||     8
       Confuse           |       |       |       |    17 ||    17
  Use: Scroll            |     1 |     5 |    13 |     6 ||    25
       Potion            |       |       |     1 |       ||     1
 Stab: Sleeping          |     1 |     1 |    25 |    17 ||    44
       Distracted        |       |       |     2 |     1 ||     3
       Confused          |       |       |       |     1 ||     1
  Eat: Chunk             |     1 |     5 |    11 |    31 ||    48
Armor: Leather armour    |    25 |    17 |    52 |    48 ||   142
Dodge: Dodged            |    72 |    77 |   157 |   130 ||   436

Table legend:
 A = Turns spent in this place as a percentage of turns spent in the entire game.
 B = Non-inter-level travel turns spent in this place as a percentage of non-inter-level travel turns spent in the entire game.
 C = Inter-level travel turns spent in this place as a percentage of turns spent in this place.
 D = Turns resting spent in this place as a percentage of non-inter-level travel turns spent in this place.
 E = Turns spent auto-exploring this place as a percentage of non-inter-level travel turns spent in this place.
 F = Non-inter-level travel turns spent in this place divided by the number of levels of this place that you've seen.
                   A       B       C       D       E      F
               +-------+-------+-------+-------+-------+----------------------
         Total | 100.0 | 100.0 |   0.6 |   2.0 |  10.7 | 262.9
       Dungeon |  94.1 |  94.0 |   0.7 |   2.0 |  10.8 | 296.7
        Temple |   0.0 |   0.0 |   0.0 |   0.0 |   0.0 |   1.0
       Ossuary |   5.9 |   5.9 |   0.0 |   2.1 |   9.6 | 187.0
               +-------+-------+-------+-------+-------+----------------------

Table legend:
 A = Kills in this place as a percentage of kills in entire the game.
 B = Kills by you in this place as a percentage of kills by you in the entire game.
 C = Kills by friends in this place as a percentage of kills by friends in the entire game.
 D = Other kills in this place as a percentage of other kills in the entire game.
 E = Experience gained in this place as a percentage of experience gained in the entire game.
 F = Experience gained in this place divided by the number of levels of this place that you have seen.
                   A       B       C       D       E      F
               +-------+-------+-------+-------+-------+----------------------
         Total | 100.0 | 100.0 |  -nan |  -nan | 100.0 | 1169.2
       Dungeon |  89.5 |  89.5 |  -nan |  -nan |  94.7 | 1328.9
       Ossuary |  10.5 |  10.5 |  -nan |  -nan |   5.3 | 742.0
               +-------+-------+-------+-------+-------+----------------------
